 Dungeon Crawl Stone Soup version 0.27.0-1-g7a089689b8 (webtiles) character file.

Game seed: 795731514441860629

641565 zynnq the Warrior (level 26, -2/137 (151) HPs)
             Began as a Demonspawn Warper on Aug 5, 2021.
             Was the Champion of Okawaru.
             Slain by a shadow dragon (3 damage)
             ... on level 5 of the Realm of Zot.
             The game lasted 03:58:24 (68431 turns).

zynnq the Warrior (Demonspawn Warper)              Turns: 68431, Time: 03:58:24

HP:   -2/137 (151)  AC: 26    Str: 24      XL:     26   Next: 50%
MP:   24/52         EV: 14    Int: 14      God:    Okawaru [******]
Gold: 5042          SH: 18    Dex: 15 (16) Spells: 39/56 levels left

rFire    + + +     SeeInvis +   P - +3 demon trident of Division {venom, rCorr MP+9 Str+4 Int+2}
rCold    + + +     Faith    .   J - +2 kite shield {AC+3}
rNeg     . . .     Spirit   .   u - quicksilver dragon scales
rPois    +         Reflect  .   (helmet unavailable)
rElec    +         Harm     .   e - +2 cloak {Stlth+}
rCorr    +         Rampage  .   o - +2 pair of gloves {Stlth+}
Will     ++++.     Rnd*Rage +   E - +0 pair of boots "Rossuune" {rElec Dex+3} Stlth ++++......Rnd*Tele +
                                q - amulet of regeneration
HPRegen  1.32/turn              z - ring of Gisad {rF+ rC+ Will++ Dex+2}
MPRegen  0.33/turn              y - ring of Noazeone {*Corrode rF++ rC++ MP+9}

@: mighty, resistant, unable to read, on berserk cooldown, very slightly
contaminated, hasted and slowed, constricted, drained, invisible (expiring)
A: antennae 3, demonic guardian 3, powered by pain 3, augmentation 2, sharp
scales 3, berserk 1, clumsy 1, deformed body, deterioration 2, dopey 2, frail 3,
low mp 2, screaming 2, teleportitis 1, weak 1, inability to read while
threatened
}: 5/15 runes: decaying, serpentine, slimy, silver, abyssal
a: Renounce Religion, Heroism, Finesse


You were on level 5 of the Realm of Zot.
You worshipped Okawaru.
Okawaru was exalted by your worship.
You visited 13 branches of the dungeon, and saw 56 of its levels.
You visited the Abyss 4 times.

You collected 8490 gold pieces.
You spent 3448 gold pieces at shops.

Inventory:

Hand Weapons
 a - the +9 spear "Qoefimiu" {antimagic, Int+2 Dex+4}
   (Okawaru gifted it to you on level 5 of the Vaults)

   It reduces the magical energy of the wielder, and disrupts the spells and
   magical abilities of those it strikes.
   Natural abilities and divine invocations are not affected.
   Int:       It affects your intelligence (+2).
   Dex:       It affects your dexterity (+4).
 j - a +4 demon trident of venom
 t - the +6 spear "Fohafut" {vamp, Will+ Dex+3}
   (You bought it in a shop on level 5 of the Dungeon)

   It occasionally heals its wielder for a portion of the damage dealt when it
   wounds a living foe.
   Dex:       It affects your dexterity (+3).
   Will:      It increases your willpower.
 P - the +3 demon trident of Division (weapon) {venom, rCorr MP+9 Str+4 Int+2}
   (You took it off a deep elf pyromancer on level 1 of the Elven Halls)

   It poisons the flesh of those it strikes.
   Str:       It affects your strength (+4).
   Int:       It affects your intelligence (+2).
   MP:        It affects your magic capacity (+9).
   rCorr:     It protects you from acid and corrosion.
Missiles
 d - 9 boomerangs of dispersal
 w - 3 throwing nets
Armour
 e - a +2 cloak of stealth (worn)
 o - a +2 pair of gloves of stealth (worn)
 u - quicksilver dragon scales (worn)
 E - the +0 pair of boots "Rossuune" (worn) {rElec Dex+3}
   (Okawaru gifted it to you on level 10 of the Dungeon)

   Dex:       It affects your dexterity (+3).
   rElec:     It insulates you from electricity.
 J - a +2 kite shield of protection (worn)
 S - the +5 scale mail of the Sunfish {rC- rN+ Dex+3}
   (You found it on level 4 of the Swamp)

   Dex:       It affects your dexterity (+3).
   rC:        It makes you vulnerable to cold.
   rN:        It protects you from negative energy.
 V - a +5 chain mail of cold resistance
Jewellery
 p - the amulet "Usmits" {Reflect Will+ Int+4 SH+5 Stlth+}
   (You took it off an ironbound preserver on level 5 of the Vaults)

   [amulet of reflection]

   It reflects blocked missile attacks.
   Int:       It affects your intelligence (+4).
   SH:        It affects your SH (+5).
   Will:      It increases your willpower.
   Stlth:     It makes you more stealthy.
 q - an amulet of regeneration (around neck)
 r - a ring of flight
 x - a ring of poison resistance
 y - the ring of Noazeone (right hand) {*Corrode rF++ rC++ MP+9}
   (You found it on level 8 of the Dungeon)

   [ring of magical power]

   rF:        It greatly protects you from fire.
   rC:        It greatly protects you from cold.
   MP:        It affects your magic capacity (+9).
   *Corrode:  It may corrode you when you take damage.
 z - the ring of Gisad (left hand) {rF+ rC+ Will++ Dex+2}
   (You bought it in a shop on level 2 of the Elven Halls)

   [ring of protection from fire]

   Dex:       It affects your dexterity (+2).
   rF:        It protects you from fire.
   rC:        It protects you from cold.
   Will:      It greatly increases your willpower.
 B - a ring of willpower
 C - a ring of resist corrosion
 T - the ring "Seolluaj" {rN+ Will+ EV+4}
   (You found it on level 5 of the Vaults)

   [ring of evasion]

   EV:        It affects your evasion (+4).
   rN:        It protects you from negative energy.
   Will:      It increases your willpower.
 U - a ring of positive energy
 Y - the amulet "Ucotisku" {Acrobat rN+}
   (You took it off an ogre mage on level 5 of the Vaults)

   [amulet of the acrobat]

   It increases your evasion while moving and waiting.
   rN:        It protects you from negative energy.
Wands
 h - a wand of mindburst (12)
 n - a wand of digging (5)
 s - a wand of polymorph (18)
Scrolls
 b - 2 scrolls of brand weapon
 c - 3 scrolls of blinking
 f - 7 scrolls of fog
 i - 18 scrolls of teleportation
 m - 18 scrolls of identify
 v - 6 scrolls of magic mapping
 F - 4 scrolls of enchant weapon
 L - 3 scrolls of silence
 N - 4 scrolls of amnesia
 O - 8 scrolls of fear
Potions
 k - a potion of cancellation
 H - 9 potions of flight
 K - 7 potions of curing
 R - 3 potions of mutation
 X - 2 potions of might
 Z - a potion of berserk rage
Miscellaneous
 l - a lightning rod (4/4)
 D - a phial of floods (quivered)
 I - a phantom mirror
 W - a condenser vane


   Skills:
 * Level 19.5 Fighting
 * Level 19.5 Polearms
 - Level 0.8 Throwing
 * Level 15.9 Armour
 * Level 11.7 Dodging
 + Level 3.0 Stealth
 * Level 19.5 Shields
 + Level 15.6 Spellcasting
 + Level 14.9 Translocations
 - Level 5.0 Air Magic
 + Level 10.4 Invocations
 + Level 0.2 Evocations


You had 39 spell levels left.
You knew the following spells:

 Your Spells              Type           Power      Damage    Failure   Level
b - Manifold Assault      Tloc           52%        N/A       1%          5
c - Teleport Other        Tloc           52%        N/A       1%          3
d - Blink                 Tloc           N/A        N/A       1%          2
e - Swiftness             Air            24%        N/A       3%          3
f - Passage of Golubria   Tloc           N/A        N/A       1%          4

Your spell library contained the following spells:

 Spells                   Type           Power      Damage    Failure   Level
 Apportation              Tloc           100%       N/A       0%          1
 Gell's Gravitas          Tloc           26%        N/A       1%          3
 Lesser Beckoning         Tloc           26%        N/A       1%          3
 Portal Projectile        Hex/Tloc       62%        N/A       1%          3
 Shock                    Conj/Air       68%        1d7       2%          1
 Iskenderun's Mystic Bla  Conj/Tloc      31%        2d8       3%          4
 Corpse Rot               Necr/Air       N/A        N/A       4%          2
 Poisonous Vapours        Pois/Air       34%        N/A       4%          2
 Static Discharge         Conj/Air       17%        N/A       4%          2
 Animate Skeleton         Necr           20%        N/A       8%          1
 Corona                   Hex            11%        N/A       8%          1
 Foxfire                  Conj/Fire      40%        2x1d6     8%          1
 Magic Dart               Conj           40%        1d5       8%          1
 Pain                     Necr           40%        1d6       8%          1
 Sting                    Tmut/Pois      40%        1d5       8%          1
 Summon Small Mammal      Summ           40%        N/A       8%          1
 Airstrike                Air            12%        N/A       10%         4
 Call Imp                 Summ           10%        N/A       12%         2
 Slow                     Hex            10%        N/A       12%         2
 Sublimation of Blood     Necr           5%         N/A       12%         2
 Wereblood                Tmut           10%        N/A       12%         2
 Mephitic Cloud           Conj/Pois/Air  15%        N/A       12%         3
 Call Canine Familiar     Summ           10%        N/A       24%         3
 Confusing Touch          Hex            10%        N/A       24%         3
 Conjure Flame            Conj/Fire      10%        6-21      24%         3
 Frozen Ramparts          Ice            20%        1d4       24%         3
 Ignite Poison            Fire/Tmut/Pois 10%        N/A       24%         3
 Inner Flame              Hex/Fire       10%        N/A       24%         3
 Ozocubu's Armour         Ice            10%        N/A       24%         3
 Stone Arrow              Conj/Erth      20%        3d8       24%         3
 Summon Guardian Golem    Hex/Summ       10%        N/A       24%         3
 Tukima's Dance           Hex            10%        N/A       24%         3
 Vampiric Draining        Necr           5%         2d6       24%         3
 Summon Lightning Spire   Summ/Air       17%        N/A       28%         4
 Animate Dead             Necr           5%         N/A       61%         4
 Cause Fear               Hex            5%         N/A       61%         4
 Dispel Undead            Necr           10%        3d9       61%         4
 Fulminant Prism          Conj/Hex       5%         3d7       61%         4
 Hailstorm                Conj/Ice       10%        3d5       61%         4
 Ice Form                 Ice/Tmut       10%        N/A       61%         4
 Olgreb's Toxic Radiance  Pois           10%        N/A       61%         4
 Petrify                  Tmut/Erth      10%        N/A       61%         4
 Sticky Flame             Conj/Fire      10%        2d3       61%         4
 Summon Ice Beast         Ice/Summ       10%        N/A       61%         4
 Freezing Cloud           Conj/Ice/Air   7%         6-21      73%         5
 Agony                    Necr           10%        N/A       91%         5
 Blade Hands              Tmut           5%         N/A       91%         5
 Bolt of Magma            Conj/Fire/Erth 5%         4d5       91%         5
 Borgnjor's Vile Clutch   Necr/Erth      5%         N/A       91%         5
 Excruciating Wounds      Necr           5%         N/A       91%         5
 Irradiate                Conj/Tmut      5%         3d15      91%         5
 Iskenderun's Battlesphe  Conj           10%        2d6       91%         5
 Lee's Rapid Deconstruct  Erth           5%         3d7*      91%         5
 Metabolic Englaciation   Hex/Ice        5%         N/A       91%         5
 Summon Mana Viper        Hex/Summ       10%        N/A       91%         5
 Yara's Violent Unravell  Hex/Tmut       5%         3d4       91%         5
 Death Channel            Necr           5%         N/A       100%        6
 Iron Shot                Conj/Erth      5%         9d2       100%        6
 Simulacrum               Ice/Necr       5%         N/A       100%        6
 Dragon Form              Tmut           5%         N/A       100%        7
 Haunt                    Necr/Summ      5%         N/A       100%        7
 Monstrous Menagerie      Summ           5%         N/A       100%        7
 Orb of Destruction       Conj           5%         9d2       100%        7
 Ozocubu's Refrigeration  Ice            5%         4d6       100%        7
 Spellforged Servitor     Conj/Summ      5%         N/A       100%        7
 Storm Form               Tmut/Air       8%         N/A       100%        7
 Summon Hydra             Summ           5%         N/A       100%        7
 Discord                  Hex            5%         N/A       100%        8
 Infestation              Necr           5%         N/A       100%        8
 Maxwell's Capacitive Co  Air            12%        ∞         100%        8
 Chain Lightning          Conj/Air       8%         3d11      100%        9
 Fire Storm               Conj/Fire      5%         8d1       100%        9
 Polar Vortex             Ice            5%         N/A       100%        9


Dungeon Overview and Level Annotations

Branches:
Dungeon (15/15)            Temple (1/1) D:6            Lair (6/6) D:10
  Swamp (4/4) Lair:2        Snake (4/4) Lair:3        Slime (5/5) Lair:6
    Orc (2/2) D:10            Elf (2/3) Orc:2        Vaults (5/5) D:13
  Crypt (1/3) Vaults:3     Depths (5/5) D:15           Hell (visited)
    Zot (5/5) Depths:5
    Dis: Hell:1         Geh: Hell:1         Coc: Hell:1         Tar: Hell:1

Altars:
Ashenzari
Cheibriados
Dithmenos
Elyvilon
Fedhas
Gozag
Hepliaklqana
Kikubaaqudgha
Makhleb
Nemelex Xobeh
Okawaru
Qazlal
Ru
Sif Muna
Trog
Uskayaw
Vehumet
Wu Jian
Xom
Yredelemnul
Zin
The Shining One
Beogh
Jiyva

Shops:
D:2 *   D:5 =([[*   D:13 *   Orc:2 *![[(   Elf:2 :==   Snake:3 [*:*
Vaults:4 *   Depths:5 !

Portals:
Hell: Depths:1 Depths:3 Depths:4 Depths:5
Abyss: Depths:2 Depths:3 Depths:4
Pandemonium: Depths:3
Ziggurat: Depths:1
Trove: D:12 (give 8 scrolls of blinking)

Annotations:
D:3 3 runed translucent doors, NikiYani's ghost, amateur FoFi
D:14 2 transporters, Ytheofip's ghost, journeyman FoFi
Hell Geryon


Innate Abilities, Weirdness & Mutations

You have a pair of large antennae on your head. (SInv)
A powerful demonic guardian rushes to your aid.
You are powered by pain.
Your magical and physical power is enhanced at high health.
You are completely covered in razor-sharp scales. (AC +3, Slay +3)
You tend to lose your temper in combat.
You are clumsy. (Dex -2)
Armour fits poorly on your strangely shaped body.
Your body often deteriorates upon taking damage.
You are very dopey. (Int -4)
You are extremely frail. (-30% HP)
Your magical capacity is very low. (-20% MP)
You frequently scream uncontrollably at your foes.
You are occasionally teleported next to monsters.
You are weak. (Str -2)
You sometimes lose the ability to read scrolls when taking damage.


Message History

Confirm with . or Enter, or press ? or * to list all spells.
Space momentarily warps into an impossible shape!
You puncture the Killer Klown!
The Killer Klown looks as sick as possible!
You miss the orb of fire. You impale the orb of fire!!
Your Executioner closely misses the orb of fire.
Your Executioner hits the orb of fire but does no damage. x2
The electric golem blinks!
The orb of fire emits a lurid red light.
Your Executioner twists and deforms.
Your Executioner hits the orb of fire!
Your Executioner hits the orb of fire but does no damage.
Your Executioner closely misses the orb of fire.
The orb of fire glows bright magenta.
Strange energies course through your body.
You feel frail.
You block the tentacled monstrosity's attack.
The tentacled monstrosity tentacle-slaps you but does no damage. x2
* * * LOW HITPOINT WARNING * * *
The tentacled monstrosity constricts you.
Casting: Manifold Assault (mildly dangerous; 1% risk of failure)
Confirm with . or Enter, or press ? or * to list all spells.
Space momentarily warps into an impossible shape!
You impale the Orb Guardian!!
You kill the Orb Guardian!
Okawaru accepts your kill.
You hit the tentacled monstrosity.
The tentacled monstrosity is poisoned.
You miss the orb of fire.
You flicker for a moment.
You kill the yellow draconian annihilator!
Okawaru accepts your kill.
Your Executioner hits the orb of fire but does no damage. x2
Your Executioner misses the orb of fire.
The electric golem hurls lightning at you.
The bolt of lightning hits the orb of fire.
The orb of fire completely resists.
The bolt of lightning misses you. The shadow dragon bites you!
* * * LOW HITPOINT WARNING * * *
You feel drained.
You die...

...#...#.#..###..#
.........#.......#
.......#.#..###..#
#............##..#
#.#..........##..#
.......<.........#
################▓▓▓▓▓
##........q**D1.##
##........pXX@*.).##
##.....^....p***X...#
#...........qDD§.§...#
#p..........†........#
#.........)..........#
#...^.^....(.........#
#....................#
#.................8..#
##.^................#


You could see 6 orbs of fire, 2 Killer Klowns, an electric golem, 2 shadow
dragons, a tentacled monstrosity (very poisoned), a black draconian monk, a red
draconian shifter (extremely poisoned), a quicksilver dragon (corroded), 2 Orb
Guardians and a friendly Executioner (summoned, fast, misshapen).

Vanquished Creatures
  the Royal Jelly (Slime:5)
  Mara (Snake:3)
  A juggernaut (Depths:5)
  Saint Roka (Snake:3)
  Frederick (Depths:5)
  8 golden dragons
  Jory (Depths:3)
  2 bone dragons
  17 tentacled monstrosities
  4 hellephants
  10 Orb Guardians (Zot:5)
  A deep elf master archer (Elf:2)
  7 liches
  6 quicksilver dragons
  Asterion (Snake:3)
  19 acid blobs
  2 titans (Vaults:5)
  An ancient champion (Vaults:3)
  7 tentacled starspawn
  2 thorn hunters
  An Executioner (Abyss:3)
  Donald (Snake:2)
  5 tengu reavers
  4 shadow dragons
  8 sphinxes
  6 storm dragons
  A draconian monk (Zot:2)
  9 nagarajas (Snake:4)
  14 azure jellies
  3 iron dragons
  9 rockslimes
  A fenstrider witch (Swamp:1)
  4 deep elf sorcerers (Vaults:5)
  9 frost giants
  3 draconian scorchers
  11 vault wardens
  Louise (Snake:4)
  3 orc warlords
  Aizul (Swamp:2)
  5 fire giants
  2 ghost moths (Depths:3)
  An angel (Abyss:3)
  2 draconian annihilators
  A draconian knight (Depths:5)
  A draconian stormcaller (Abyss:5)
  2 draconian shifters
  2 spectral caustic shrikes (Depths:3)
  24 very ugly things
  15 ironbound preservers
  2 quicksilver oozes
  A reaper (Depths:1)
  10 stone giants
  8 war gargoyles
  A spriggan defender (Depths:4)
  7 vampire knights
  The ghost of Amet the Severer, a journeyman MiBe of Trog (Swamp:1)
  Nessos (D:12)
  An entropy weaver (Vaults:4)
  3 black draconians (Zot:1)
  2 deep elf demonologists
  2 deep elf annihilators (Vaults:5)
  2 green draconians
  7 spark wasps
  3 bunyips
  4 red draconians
  5 purple draconians
  3 yellow draconians
  3 white draconians
  2 deep elf death magi
  9 eidola (Depths:3)
  3 merfolk javelineers
  3 eleionomae
  Snorg (Lair:6)
  2 merfolk impalers (Depths:5)
  11 ettins
  A blizzard demon (Abyss:3)
  15 fire dragons
  5 yaktaur captains
  7 deep elf high priests
  7 jiangshi
  2 shambling mangroves
  2 rakshasas
  28 vault guards
  A salamander tyrant (Snake:4)
  18 naga warriors
  2 peacekeepers
  The ghost of Xuta the Peltast, a journeyman FoFi of Okawaru (D:13)
  A hydra (shapeshifter) (Depths:3)
  6 ice dragons
  Erolcha (Orc:2)
  11 great orbs of eyes
  7 ironbound thunderhulks
  25 hydras
  5 boulder beetles
  3 ogre magi
  9 anacondas
  7 ironbound frosthearts
  5 catoblepae
  2 spriggan air magi
  5 centaur warriors
  25 dancing weapons
  12 two-headed ogres
  5 deep troll shamans
  An alligator (shapeshifter) (Vaults:5)
  12 alligators
  8 death yaks
  An ironbound beastmaster (Vaults:4)
  5 tengu warriors
  8 deep troll earth magi
  9 hell hogs (Depths:5)
  Urug (Orc:2)
  9 thrashing horrors
  8 spriggans
  16 hell knights
  2 vampire magi
  10 deep elf knights
  7 naga sharpshooters
  A spriggan berserker (Depths:4)
  6 shock serpents
  2 orc high priests
  4 wretched stars
  2 fire crabs (Swamp:4)
  A sixfirhy (Abyss:1)
  3 spatial maelstroms (Abyss:5)
  7 shadow wraiths
  9 iron trolls
  4 goliath frogs
  15 flayed ghosts
  A golden dragon zombie (Abyss:3)
  A sea snake (shapeshifter) (Vaults:1)
  27 starcursed masses
  3 glowing orange brains
  9 sea snakes (Snake:4)
  A storm dragon skeleton (Vaults:4)
  3 naga ritualists
  2 death drakes
  10 swamp dragons
  14 deep elf archers
  5 bog bodies
  3 spriggan druids
  4 harpies (Vaults:2)
  61 deep trolls
  3 lindwurms
  Pikel (D:4)
  9 phantasmal warriors
  14 ironbound convokers
  7 mana vipers
  6 orc knights
  16 wizards
  23 deep elf pyromancers
  24 deep elf zephyrmancers
  3 shining eyes
  7 necromancers
  48 ugly things
  4 will-o-the-wisps
  A frost giant zombie (Abyss:2)
  5 cyclopes
  11 moths of wrath
  5 centaur zombies
  2 manticores
  7 orc sorcerers
  A faun (shapeshifter) (Vaults:5)
  2 worldbinders
  13 salamanders
  A moth of wrath (shapeshifter) (Depths:4)
  A black mamba (shapeshifter) (D:10)
  A fire giant skeleton (Abyss:3)
  3 molten gargoyles (Lair:6)
  7 vault sentinels
  2 eyes of devastation
  7 torpor snails
  9 guardian serpents
  23 naga magi
  6 elephants (Lair:6)
  3 apocalypse crabs (Abyss:3)
  26 black mambas
  2 smoke demons
  A water nymph (shapeshifter) (Depths:4)
  An orange demon (Abyss:3)
  6 cane toads
  21 yaktaurs
  A hellion (Abyss:4)
  2 freezing wraiths
  Maggie (D:9)
  8 unseen horrors
  3 rime drakes
  An efreet (D:14)
  A yaktaur zombie (Vaults:4)
  A kobold demonologist (D:10)
  10 komodo dragons
  A hellwing (Abyss:3)
  3 tengu conjurers
  9 ancient zymes
  7 catoblepas skeletons (Abyss:4)
  3 jumping spiders
  A bloated husk (Swamp:2)
  A red devil (Abyss:3)
  2 polar bears
  13 hornets
  12 tyrant leeches
  7 trolls
  122 slime creatures
  12 blink frogs
  28 raiju
  6 dream sheep (Lair:6)
  A flying skull (Abyss:3)
  A vampire (D:10)
  7 air elementals
  A tarantella (Vaults:4)
  6 wraiths
  10 redbacks
  A spriggan (shapeshifter) (D:11)
  4 ynoxinuls
  2 ettin skeletons (Vaults:4)
  22 water elementals
  A tarantella (shapeshifter) (Depths:4)
  4 wyverns
  26 large abominations
  3 fire elementals (Elf:1)
  48 yaks
  12 small abominations
  29 vampire mosquitoes
  A golden eye (Slime:1)
  3 steam dragons
  7 basilisks
  2 neqoxecs (Abyss:3)
  2 chaos spawn
  15 swamp worms
  A swamp worm (shapeshifter) (Vaults:5)
  3 wargs
  50 nagas
  A two-headed ogre zombie (D:10)
  3 acid dragons
  A floating eye (Depths:3)
  14 water moccasins
  4 hell hounds (Lair:6)
  11 swamp drakes
  49 orc warriors
  3 ice beasts
  6 necrophages
  4 black bears
  A sky beast (D:6)
  8 boggarts
  15 wolves
  14 centaurs
  14 ogres
  3 phantoms
  3 kobold brigands (D:7)
  18 earth elementals
  A human zombie (Vaults:4)
  Blork the orc (D:5)
  15 bullfrogs
  2 gnoll sergeants
  A water moccasin zombie (Crypt:1)
  A scorpion (D:6)
  2 troll zombies (D:10)
  A water moccasin skeleton (D:4)
  15 killer bees
  4 wights (D:8)
  11 howler monkeys
  An electric eel (Lair:2)
  A bullfrog zombie (D:6)
  7 lava snakes
  4 jellies
  2 hounds
  2 centaur skeletons (D:5)
  20 orc priests
  2 gnoll shamans (D:7)
  A bullfrog skeleton (D:3)
  An iguana (D:6)
  29 orc wizards
  A killer bee zombie (D:5)
  5 ogre zombies (D:10)
  A dwarf skeleton (Crypt:1)
  A howler monkey zombie (D:9)
  15 gnolls
  A howler monkey skeleton (D:6)
  6 adders
  2 white imps
  4 ufetubi
  An adder skeleton (D:2)
  3 worms
  11 dart slugs (D:4)
  112 orcs
  10 endoplasms
  3 giant cockroaches (D:3)
  4 goblins
  6 hobgoblins
  5 jackals (D:4)
  2 quokkas
  10 ball pythons
  6 bats
  4 frilled lizards
  A goblin skeleton (D:10)
  2 goblin zombies (D:10)
  3 hobgoblin skeletons
  6 hobgoblin zombies (D:10)
  A jackal zombie (Crypt:1)
  25 kobolds
  2 orc skeletons (D:10)
  12 orc zombies (D:10)
  4 rats
  A bush (Abyss:3)
  4 starspawn tentacles (Abyss:3)
2271 creatures vanquished.

Vanquished Creatures (collateral kills)
  A thorn hunter (Swamp:1)
  A death cob (Zot:1)
  A draconian monk (Zot:1)
  A spectral caustic shrike (Depths:3)
  A draconian scorcher (Zot:2)
  A draconian stormcaller (Zot:1)
  3 draconian annihilators
  A very ugly thing (Vaults:1)
  2 green draconians (Zot:1)
  A purple draconian (Zot:1)
  A deep elf demonologist (Elf:1)
  A white draconian (Zot:5)
  An ettin (Vaults:5)
  An eleionoma (Swamp:2)
  A great orb of eyes (Slime:5)
  A hydra (Swamp:2)
  A two-headed ogre (D:13)
  A dancing weapon (Elf:1)
  A large abomination (Abyss:5)
  2 bog bodies (Lair:2)
  A deep elf archer (Elf:1)
  A deep elf zephyrmancer (Elf:1)
  A black mamba (Snake:3)
  2 yaktaurs
  A satyr zombie (Crypt:1)
  A wraith (Crypt:1)
  2 swamp drakes
  2 wolves (Lair:3)
  2 orcs (Elf:1)
37 creatures vanquished.

Vanquished Creatures (others)
  A fire giant (Vaults:4)
  An eleionoma (Swamp:1)
  A deep elf knight (Elf:2)
  A deep elf archer (Elf:1)
  2 bloated husks (Swamp:1)
  A golden eye (Abyss:3)
  A steam dragon (Swamp:4)
  3 vampire mosquitoes (Swamp:1)
  A large abomination (Abyss:3)
  3 swamp drakes (Swamp:4)
  3 orcs
  4 briar patches (Swamp:4)
  16 foxfires
  21 fungi
  40 plants
  17 starspawn tentacles
116 creatures vanquished.

Grand Total: 2424 creatures vanquished

Notes
Turn   | Place    | Note
-------+----------+-------------------------------------------
     0 | D:1      | zynnq the Demonspawn Warper began the quest for the Orb.
     0 | D:1      | Reached XP level 1. HP: 16/16 MP: 3/3
   156 | D:1      | Reached skill level 1 in Armour
   289 | D:1      | Gained mutation: You have a pair of small antennae on your
                  | head. [demonic ancestry]
   289 | D:1      | Reached XP level 2. HP: 21/22 MP: 5/5
   936 | D:2      | Reached XP level 3. HP: 27/27 MP: 6/6
  1166 | D:2      | Found Xerrocu's General Store.
  1322 | D:2      | Gained mutation: You are partially covered in razor-sharp
                  | scales. (AC +1, Slay +1) [demonic ancestry]
  1322 | D:2      | Reached XP level 4. HP: 33/33 MP: 7/7
  1635 | D:2      | You fall into a shaft and drop 2 floors!
  1724 | D:4      | Reached XP level 5. HP: 27/39 MP: 8/8
  1998 | D:4      | Noticed an ogre
  2027 | D:3      | Killed an ogre
  2285 | D:3      | Learned a level 2 spell: Blink
  2487 | D:3      | Found a runed translucent gate.
  2487 | D:3      | Found a runed translucent gate.
  2487 | D:3      | Noticed NikiYani's ghost (amateur FoFi)
  2488 | D:3      | Found a runed translucent gate.
  2551 | D:3      | Noticed an ogre
  2566 | D:3      | Killed an ogre
  2567 | D:3      | Reached XP level 6. HP: 10/47 MP: 9/9
  3089 | D:4      | Found a shadowy altar of Dithmenos.
  3555 | D:4      | Noticed Pikel
  3609 | D:4      | Killed Pikel
  3610 | D:4      | Reached skill level 5 in Polearms
  3610 | D:4      | Gained mutation: You sometimes gain a little power by
                  | taking damage. [demonic ancestry]
  3610 | D:4      | Reached XP level 7. HP: 52/52 MP: 10/10
  4117 | D:5      | Entered Level 5 of the Dungeon
  4179 | D:5      | Gained mutation: You sometimes gain power by taking damage.
                  | [demonic ancestry]
  4179 | D:5      | Reached XP level 8. HP: 60/60 MP: 11/11
  4285 | D:5      | Found Siria's Antique Armour Shoppe.
  4286 | D:5      | Found Atseb's Jewellery Shoppe.
  4288 | D:5      | Found Masm's Antique Armour Shoppe.
  4295 | D:5      | Found Ucyrr's Weapon Shoppe.
  4375 | D:5      | Found Cimupoh's Assorted Antiques.
  4401 | D:5      | Bought a twisted spear for 152 gold pieces
  4401 | D:5      | Identified the +6 spear "Fohafut" {vamp, Will+ Dex+3} (You
                  | bought it in a shop on level 5 of the Dungeon)
  4645 | D:5      | Noticed Blork the orc
  4652 | D:5      | Killed Blork the orc
  4974 | D:6      | Reached skill level 5 in Armour
  5102 | D:6      | Gained mutation: You are mostly covered in razor-sharp
                  | scales. (AC +2, Slay +2) [demonic ancestry]
  5102 | D:6      | Reached XP level 9. HP: 66/66 MP: 12/12
  5127 | D:6      | Found a stormy altar of Qazlal.
  5331 | D:6      | Reached skill level 5 in Fighting
  5364 | D:6      | Found a staircase to the Ecumenical Temple.
  5380 | Temple   | Entered the Ecumenical Temple
  5580 | Temple   | Became a worshipper of Warmaster Okawaru
  5873 | D:7      | Reached skill level 5 in Shields
  5918 | D:7      | Reached * piety under Okawaru
  6691 | D:8      | Reached XP level 10. HP: 76/76 MP: 13/13
  6703 | D:8      | Noticed a two-headed ogre
  6727 | D:8      | Killed a two-headed ogre
  6727 | D:8      | Reached ** piety under Okawaru
  6831 | D:8      | Reached *** piety under Okawaru
  6898 | D:8      | Found a sacrificial altar of Ru.
  7111 | D:8      | Identified the ring of Noazeone {*Corrode rF++ rC++ MP+9}
  7527 | D:9      | Noticed Maggie
  7550 | D:9      | Killed Maggie
  7959 | D:9      | Identified the +8 dagger of Wu Jian's Supremacy {antimagic,
                  | rC++}
  7989 | D:9      | Noticed a two-headed ogre
  8048 | D:8      | Killed a two-headed ogre
  8048 | D:8      | Reached **** piety under Okawaru
  8052 | D:8      | Received a gift from Okawaru
  8101 | D:8      | Reached XP level 11. HP: 73/83 MP: 14/14
  8158 | D:9      | Reached skill level 1 in Invocations
  8232 | D:9      | Reached ***** piety under Okawaru
  8446 | D:9      | Identified the +2 robe "Hero's Friend" {rF- Str+7}
  8701 | D:10     | Entered Level 10 of the Dungeon
  8848 | D:10     | Found Oqul's Specialty Armours.
  8947 | D:10     | Found a staircase to the Orcish Mines.
  9001 | D:10     | Identified the +0 pair of boots "Rossuune" {rElec Dex+3}
                  | (Okawaru gifted it to you on level 10 of the Dungeon)
  9001 | D:10     | Received a gift from Okawaru
  9119 | D:10     | Noticed a two-headed ogre
  9145 | D:10     | Killed a two-headed ogre
  9151 | D:10     | Reached skill level 10 in Polearms
  9242 | D:10     | Noticed a two-headed ogre
  9266 | D:10     | Killed a two-headed ogre
  9453 | D:10     | Found a staircase to the Lair.
  9727 | Orc:1    | Entered Level 1 of the Orcish Mines
  9893 | Orc:1    | Noticed an orc sorcerer
  9896 | Orc:1    | Killed an orc sorcerer
  9997 | Orc:2    | Entered Level 2 of the Orcish Mines
 10041 | Orc:2    | Found Unlaxzaj's Antique Armour Emporium.
 10101 | Orc:2    | Noticed an orc warlord
 10128 | Orc:2    | Killed an orc warlord
 10129 | Orc:2    | Reached XP level 12. HP: 91/91 MP: 8/15
 10278 | Orc:2    | Noticed an orc warlord
 10335 | Orc:2    | Reached skill level 10 in Shields
 10353 | Orc:2    | Killed an orc warlord
 10367 | Orc:2    | Reached skill level 1 in Stealth
 10476 | Orc:2    | Found Aproehue's Antique Weapon Shop.
 10478 | Orc:2    | Found Nepicvab's Antique Armour Boutique.
 10591 | Orc:2    | Noticed Urug
 10644 | Orc:2    | Killed Urug
 10726 | Orc:2    | Noticed Erolcha
 10733 | Orc:2    | Killed Erolcha
 10931 | Orc:2    | Found a staircase to the Elven Halls.
 11177 | Orc:2    | Noticed an orc high priest
 11195 | Orc:2    | Killed an orc high priest
 11213 | Orc:2    | Found Pouquw's General Store.
 11512 | Orc:2    | Found Mugurr's Distillery.
 11590 | Elf:1    | Entered Level 1 of the Elven Halls
 11591 | Elf:1    | Paralysed by an air elemental for 1 turns
 12064 | Lair:1   | Entered Level 1 of the Lair of Beasts
 12109 | Lair:1   | Identified the +3 halberd of Arrival {freeze, Int+3 Dex+5
                  | Stlth-} (Okawaru gifted it to you on level 1 of the Lair of
                  | Beasts)
 12109 | Lair:1   | Received a gift from Okawaru
 12321 | Lair:1   | Gained mutation: A weak demonic guardian rushes to your
                  | aid. [demonic ancestry]
 12321 | Lair:1   | Reached XP level 13. HP: 99/99 MP: 16/16
 13476 | Lair:2   | Found a staircase to the Swamp.
 13729 | Lair:2   | Received a gift from Okawaru
 13797 | Lair:3   | Reached ****** piety under Okawaru
 13806 | Lair:3   | Found a staircase to the Snake Pit.
 13817 | Lair:3   | You fall into a shaft and drop 2 floors!
 14966 | Snake:1  | Entered Level 1 of the Snake Pit
 15341 | Lair:4   | Found a snail-covered altar of Cheibriados.
 15350 | Lair:4   | Received a gift from Okawaru
 15351 | Lair:4   | Gained mutation: You have a pair of antennae on your head.
                  | [demonic ancestry]
 15351 | Lair:4   | Reached XP level 14. HP: 105/108 MP: 19/19
 16493 | Lair:6   | Entered Level 6 of the Lair of Beasts
 16898 | Lair:6   | Reached skill level 5 in Translocations
 16910 | Lair:6   | Reached skill level 10 in Fighting
 16975 | Lair:6   | Reached skill level 5 in Spellcasting
 17143 | Lair:6   | Identified the +6 bardiche of the Rat {vorpal, Str+3}
                  | (Okawaru gifted it to you on level 6 of the Lair of Beasts)
 17143 | Lair:6   | Received a gift from Okawaru
 17173 | Lair:6   | Found a large runed translucent door.
 17173 | Lair:6   | Found a large runed translucent door.
 17452 | Lair:6   | Found a staircase to the Slime Pits.
 17452 | Lair:6   | Found a viscous altar of Jiyva.
 17463 | Lair:6   | Noticed Snorg
 17491 | Lair:6   | Killed Snorg
 17993 | Slime:1  | Entered Level 1 of the Pits of Slime
 17993 | Slime:1  | Noticed an azure jelly
 17993 | Slime:1  | Noticed an azure jelly
 17993 | Slime:1  | Noticed an acid blob
 18328 | Orc:2    | Reached skill level 5 in Dodging
 18508 | Elf:1    | Received a gift from Okawaru
 18609 | Elf:1    | Reached skill level 10 in Armour
 18644 | Elf:1    | Found a radiant altar of Vehumet.
 18688 | Elf:1    | Noticed a lich
 18688 | Elf:1    | Noticed a lich
 18693 | Elf:1    | Noticed a lich
 18724 | Elf:1    | Killed a lich
 18725 | Elf:1    | Reached XP level 15. HP: 95/117 MP: 23/23
 18746 | Elf:1    | Killed a lich
 18767 | Elf:1    | Killed a lich
 18926 | Elf:1    | Identified the +3 demon trident of Division {venom, rCorr
                  | MP+9 Str+4 Int+2}
 18982 | Elf:1    | Identified a scroll of acquirement
 18994 | Elf:1    | Acquired 490 gold pieces
 19195 | Elf:1    | Paralysed by an air elemental for 1 turns
 19376 | Elf:1    | Paralysed by an air elemental for 1 turns
 19431 | Elf:1    | Cast into level 3 of the Abyss (a deep elf demonologist)
 19466 | Abyss:3  | Reached skill level 5 in Invocations
 19522 | Abyss:3  | Noticed a tentacled starspawn
 19680 | Abyss:3  | Noticed a lich
 19689 | Abyss:3  | Noticed an Executioner
 19696 | Abyss:3  | Killed an Executioner
 19703 | Abyss:3  | Killed a lich
 19784 | Abyss:3  | Noticed a tentacled starspawn
 19799 | Elf:1    | Escaped the Abyss
 19833 | Elf:1    | Noticed an Ice Fiend
 20087 | Elf:1    | Identified the +1 hat "Gyorinywn" {rElec Str+3} (Okawaru
                  | gifted it to you on level 1 of the Elven Halls)
 20087 | Elf:1    | Received a gift from Okawaru
 20128 | Elf:1    | Identified the +1 scale mail of True Grit {+Blink MP+9
                  | Slay+3}
 20156 | Elf:1    | Found a runed translucent gate.
 20156 | Elf:1    | Found a runed translucent gate.
 20156 | Elf:1    | Found a runed translucent gate.
 20156 | Elf:1    | Found a runed translucent gate.
 20156 | Elf:1    | Found a runed translucent gate.
 20157 | Elf:1    | Noticed a storm dragon
 20157 | Elf:1    | Noticed an iron dragon
 20158 | Elf:1    | Found a runed translucent gate.
 20285 | Elf:1    | Killed a storm dragon
 20318 | Elf:1    | Killed an iron dragon
 20557 | Elf:2    | Found a radiant altar of Vehumet.
 20572 | Elf:2    | Reached XP level 16. HP: 127/127 MP: 25/25
 20574 | Elf:2    | Noticed a deep elf master archer
 20593 | Elf:2    | Killed a deep elf master archer
 21218 | Elf:2    | Identified the +8 bardiche of Magnificence {drain, rN+
                  | rCorr Int+2}
 21224 | Elf:2    | Found a runed translucent gate.
 21224 | Elf:2    | Found a runed translucent gate.
 21224 | Elf:2    | Found a runed translucent gate.
 21314 | Elf:2    | Found Aruqoit's Book Boutique.
 21314 | Elf:2    | Found Fokupsip's Jewellery Shoppe.
 21315 | Elf:2    | Found Honehypla's Jewellery Shoppe.
 21325 | Elf:2    | Bought the ring of Gisad {rF+ rC+ Will++ Dex+2} for 928
                  | gold pieces
 22123 | Elf:2    | Received a gift from Okawaru
 22799 | D:11     | Learned a level 3 spell: Teleport Other
 23065 | D:12     | Found a portal to a secret trove of treasure.
 23118 | D:12     | You fall into a shaft and drop 2 floors!
 23125 | D:14     | Found a transporter.
 23136 | D:14     | Noticed Ytheofip's ghost (journeyman FoFi)
 23137 | D:14     | Noticed a storm dragon
 23604 | D:14     | Found a transporter.
 23916 | D:13     | Received a gift from Okawaru
 24128 | D:13     | Found a runed translucent door.
 24128 | D:13     | Found a shimmering altar of Xom.
 24128 | D:13     | Noticed Xuta's ghost (journeyman FoFi)
 24149 | D:13     | Killed Xuta's ghost
 24169 | D:13     | Identified the +0 plate armour of the Endless Expanse
                  | {MP+9}
 24177 | D:13     | Gained mutation: You are powered by pain. [demonic
                  | ancestry]
 24177 | D:13     | Reached XP level 17. HP: 135/135 MP: 26/26
 24493 | D:13     | Found Ennyujof's General Store.
 24616 | D:13     | Found a gate to the Vaults.
 25589 | D:12     | You fall into a shaft and drop 2 floors!
 25768 | D:12     | Noticed Nessos
 25773 | D:12     | Killed Nessos
 26279 | D:15     | Entered Level 15 of the Dungeon
 26414 | D:15     | Reached skill level 15 in Polearms
 27028 | D:15     | Found a staircase to the Depths.
 27172 | D:15     | Found a sacrificial altar of Ru.
 27285 | Depths:1 | Entered Level 1 of the Depths
 27329 | Depths:1 | Found a hazy altar of Hepliaklqana.
 27392 | Depths:1 | Received a gift from Okawaru
 27393 | Depths:1 | Reached skill level 15 in Shields
 27666 | Swamp:1  | Entered Level 1 of the Swamp
 27739 | Swamp:1  | Found a runed translucent gate.
 27739 | Swamp:1  | Noticed Amet's ghost (journeyman MiBe)
 27740 | Swamp:1  | Found a runed translucent gate.
 27741 | Swamp:1  | Found a runed translucent gate.
 27741 | Swamp:1  | Noticed a tentacled monstrosity
 27800 | Swamp:1  | Killed a tentacled monstrosity
 27846 | Swamp:1  | Killed Amet's ghost
 28927 | Swamp:2  | Noticed Aizul
 29027 | Swamp:2  | Gained mutation: Your magical and physical power is
                  | slightly enhanced at high health. [demonic ancestry]
 29027 | Swamp:2  | Reached XP level 18. HP: 146/146 MP: 27/27
 29398 | Swamp:2  | Killed Aizul
 29398 | Swamp:2  | Received a gift from Okawaru
 29931 | Swamp:3  | Noticed a tentacled monstrosity
 30441 | Swamp:4  | Entered Level 4 of the Swamp
 30463 | Swamp:4  | Killed a tentacled monstrosity
 31032 | Swamp:4  | Identified the +3 long sword of Nusmil {antimagic, Fragile
                  | Int+4}
 31074 | Swamp:4  | Identified the +5 scale mail of the Sunfish {rC- rN+ Dex+3}
 31161 | Swamp:4  | Got a decaying rune of Zot
 31319 | Swamp:4  | Received a gift from Okawaru
 32513 | Snake:2  | Reached skill level 15 in Fighting
 32909 | Snake:2  | Got the Disquisition on the Blaze and the Rocks
 32916 | Snake:2  | Learned a level 5 spell: Manifold Assault
 32946 | Snake:2  | Found a radiant altar of Vehumet.
 32963 | Snake:2  | Noticed Donald
 32975 | Snake:2  | Killed Donald
 33037 | Snake:2  | Reached XP level 19. HP: 155/155 MP: 28/28
 33661 | Snake:3  | Found Ziracum's Book Emporium.
 33703 | Snake:3  | Found Xuhytoet's General Store.
 33804 | Snake:3  | Found Ciogite's General Store.
 33812 | Snake:3  | Bought a scroll of teleportation for 60 gold pieces
 33812 | Snake:3  | Bought a scroll of enchant weapon for 150 gold pieces
 33928 | Snake:3  | Found a flickering gateway to a bazaar.
 33933 | Snake:3  | Noticed Saint Roka
 34180 | Snake:3  | Noticed Mara
 34214 | Snake:3  | Killed Mara
 34248 | Snake:3  | Found Ilufulo's Antique Armour Shop.
 34256 | Snake:3  | Bought steaming acid dragon scales for 1170 gold pieces
 34256 | Snake:3  | Identified the +1 acid dragon scales "Zeulosk" {rCorr Str+2
                  | Int+4 Stlth-} (You bought it in a shop on level 3 of the
                  | Snake Pit)
 34416 | Snake:3  | Noticed Asterion
 34436 | Snake:3  | Killed Asterion
 34676 | Snake:3  | Killed Saint Roka
 34676 | Snake:3  | Received a gift from Okawaru
 34958 | Snake:4  | Entered Level 4 of the Snake Pit
 35406 | Snake:4  | HP: 1/156 [nagaraja/bolt of poison (32)]
 35756 | Snake:4  | Noticed Louise
 35795 | Snake:4  | Killed Louise
 36258 | Snake:4  | Identified the +2 scale mail of the Black Moon {Harm Str+3}
 36448 | Snake:4  | Got a serpentine rune of Zot
 36490 | Snake:4  | Received a gift from Okawaru
 36963 | Vaults:1 | Entered Level 1 of the Vaults
 36980 | Vaults:1 | Reached skill level 10 in Invocations
 36980 | Vaults:1 | Gained mutation: You have a pair of large antennae on your
                  | head. (SInv) [demonic ancestry]
 36980 | Vaults:1 | Reached XP level 20. HP: 131/164 MP: 31/31
 37651 | Vaults:1 | You fall into a shaft and drop 1 floor!
 38570 | Vaults:2 | Received a gift from Okawaru
 39053 | Vaults:2 | Identified the +5 mace of the Messenger {flame, Fragile rC+
                  | Dex+4}
 39968 | Vaults:3 | Received a gift from Okawaru
 40179 | Vaults:3 | Found a staircase to the Crypt.
 40296 | Vaults:3 | Identified the +0 troll leather armour of Joy {rF+ Regen+
                  | MP-9 Dex+4} (Okawaru gifted it to you on level 3 of the
                  | Vaults)
 40296 | Vaults:3 | Received a gift from Okawaru
 40384 | Vaults:3 | Acquired 590 gold pieces
 40519 | Vaults:3 | Reached XP level 21. HP: 169/172 MP: 34/34
 41465 | Vaults:4 | Found Denus's Assorted Antiques.
 41893 | Vaults:4 | Reached skill level 10 in Spellcasting
 42033 | Vaults:4 | Learned a level 4 spell: Passage of Golubria
 42037 | Vaults:4 | Learned a level 3 spell: Swiftness
 42650 | Vaults:4 | Reached skill level 10 in Translocations
 44253 | Vaults:4 | Received a gift from Okawaru
 44525 | Vaults:5 | Entered Level 5 of the Vaults
 44560 | Vaults:4 | Received a gift from Okawaru
 46073 | Vaults:5 | Reached XP level 22. HP: 161/178 MP: 1/37
 46133 | Vaults:5 | Identified the +7 hand crossbow of Ubysale {freeze, Will+++
                  | rCorr MP+9 Str-3}
 46666 | Vaults:5 | Identified the +9 spear "Qoefimiu" {antimagic, Int+2 Dex+4}
                  | (Okawaru gifted it to you on level 5 of the Vaults)
 46666 | Vaults:5 | Received a gift from Okawaru
 47169 | Vaults:5 | Noticed a golden dragon
 47184 | Vaults:5 | Killed a golden dragon
 47244 | Vaults:5 | Got a silver rune of Zot
 47989 | Vaults:5 | Identified the +4 plate armour of Midsummer {rF+ rC- Will++
                  | Int+3}
 48233 | Vaults:5 | Received a gift from Okawaru
 48510 | Vaults:5 | Identified the amulet "Ucotisku" {Acrobat rN+}
 49445 | Vaults:5 | Identified the amulet "Usmits" {Reflect Will+ Int+4 SH+5
                  | Stlth+}
 49983 | Vaults:5 | Identified the +1 gold dragon scales of Ru's Grace {rPois
                  | rF+ rC+ MP+9 Str+3}
 50104 | Vaults:5 | Found the +3 giant club "Skullcrusher" {speed, Str+7}
 50484 | Vaults:5 | Noticed a golden dragon
 50500 | Vaults:5 | Killed a golden dragon
 50631 | Vaults:5 | Identified the ring "Seolluaj" {rN+ Will+ EV+4}
 50664 | Vaults:5 | Noticed a golden dragon
 50683 | Vaults:5 | Killed a golden dragon
 50967 | Crypt:1  | Entered Level 1 of the Crypt
 50996 | Crypt:1  | Identified the +4 chain mail of the Dragon {+Blink +Inv rC-
                  | Int-2} (Okawaru gifted it to you on level 1 of the Crypt)
 50996 | Crypt:1  | Received a gift from Okawaru
 51957 | Slime:1  | Gained mutation: You are completely covered in razor-sharp
                  | scales. (AC +3, Slay +3) [demonic ancestry]
 51957 | Slime:1  | Reached XP level 23. HP: 188/188 MP: 3/39
 54263 | Slime:5  | Entered Level 5 of the Pits of Slime
 54344 | Slime:5  | Noticed the Royal Jelly
 54400 | Slime:5  | Killed the Royal Jelly
 54400 | Slime:5  | Received a gift from Okawaru
 54401 | Slime:5  | Reached skill level 1 in Air Magic
 55361 | Slime:5  | Identified the +4 halberd of Lieloaqu {pain, *Rage *Corrode
                  | Int+3 Dex+9}
 55418 | Slime:5  | Got a slimy rune of Zot
 55460 | Slime:5  | Identified the +7 mace of a ziggurat {holy, Dex+6}
 55461 | Slime:5  | Identified the +11 demon blade of Patterns {flame, Stlth+}
 55490 | Slime:5  | Identified the +1 scythe of Noon {drain, Dex+5}
 56435 | Depths:1 | Found a gateway to Hell.
 56514 | Depths:1 | Found Kiexyr's Pet Rocks.
 56565 | Hell     | Entered the Vestibule of Hell
 56565 | Hell     | Noticed Geryon
 56579 | Depths:1 | Received a gift from Okawaru
 56757 | Depths:1 | Found a gateway to a ziggurat.
 57804 | Depths:2 | Found a one-way gate to the infinite horrors of the Abyss.
 57924 | Depths:2 | Voluntarily entered the Abyss.
 57924 | Abyss:1  | Found a corrupted altar of Lugonu.
 58489 | Abyss:3  | Gained mutation: Your magical and physical power is
                  | enhanced at high health. [demonic ancestry]
 58489 | Abyss:3  | Reached XP level 24. HP: 197/197 MP: 23/40
 58679 | Abyss:3  | Found a radiant altar of Vehumet.
 58857 | Abyss:4  | Received a gift from Okawaru
 58893 | Abyss:5  | Entered Level 5 of the Abyss
 58975 | Depths:2 | Escaped the Abyss
 59126 | Depths:2 | Voluntarily entered the Abyss.
 59126 | Abyss:1  | Found a corrupted altar of Lugonu.
 59146 | Abyss:1  | Identified the +3 scimitar of the Eternal Warrior {holy,
                  | Will+ Stlth+}
 59236 | Abyss:3  | Found a corrupted altar of Lugonu.
 59306 | Abyss:5  | Entered Level 5 of the Abyss
 59562 | Depths:2 | Escaped the Abyss
 59715 | Depths:2 | Voluntarily entered the Abyss.
 59833 | Abyss:3  | Found a corrupted altar of Lugonu.
 59843 | Abyss:4  | Found a corrupted altar of Lugonu.
 59900 | Abyss:4  | Paralysed by an air elemental for 1 turns
 59903 | Abyss:4  | Paralysed by an air elemental for 1 turns
 59905 | Abyss:4  | Received a gift from Okawaru
 59955 | Abyss:4  | Reached skill level 5 in Air Magic
 60054 | Abyss:4  | Paralysed by an air elemental for 1 turns
 60200 | Abyss:4  | Got an abyssal rune of Zot
 60226 | Depths:2 | Escaped the Abyss
 60292 | Depths:2 | You fall into a shaft and drop 1 floor!
 61145 | Depths:3 | Received a gift from Okawaru
 61394 | Depths:3 | Noticed Jory
 61421 | Depths:3 | Killed Jory
 62183 | Depths:3 | Found a one-way gate leading to the halls of Pandemonium.
 62207 | Depths:3 | Reached skill level 10 in Dodging
 62411 | Depths:3 | Paralysed by a floating eye for 4 turns
 62415 | Depths:3 | Reached skill level 15 in Armour
 62415 | Depths:3 | Gained mutation: A demonic guardian rushes to your aid.
                  | [demonic ancestry]
 62415 | Depths:3 | Reached XP level 25. HP: 195/206 MP: 41/41
 64236 | Depths:4 | Received a gift from Okawaru
 64400 | Depths:4 | Found the +4 robe of Folly {Brilliance Will-∞ Int+8}
 64492 | Depths:4 | Identified the +2 robe "Ymiffu Byufa" {rElec rF++ Will-
                  | Int+3}
 64628 | Depths:5 | Entered Level 5 of the Depths
 64670 | Depths:5 | Noticed Frederick
 64682 | Depths:5 | Killed Frederick
 64874 | Depths:5 | Noticed a juggernaut
 64908 | Depths:5 | Killed a juggernaut
 65463 | Depths:5 | Found a gate to the Realm of Zot.
 65802 | Depths:5 | Found Wiptogux's Distillery.
 65812 | Depths:5 | Bought a potion of cancellation for 208 gold pieces
 65812 | Depths:5 | Bought a potion of might for 104 gold pieces
 65812 | Depths:5 | Bought 2 potions of heal wounds for 260 gold pieces
 65812 | Depths:5 | Bought a potion of berserk rage for 130 gold pieces
 65812 | Depths:5 | Bought a potion of curing for 78 gold pieces
 65812 | Depths:5 | Bought a potion of heal wounds for 130 gold pieces
 65812 | Depths:5 | Bought a potion of curing for 78 gold pieces
 66082 | Depths:5 | Reached skill level 15 in Spellcasting
 66087 | Depths:5 | Received a gift from Okawaru
 66422 | Zot:1    | Entered Level 1 of the Realm of Zot
 67082 | Zot:1    | Gained mutation: A powerful demonic guardian rushes to your
                  | aid. [demonic ancestry]
 67082 | Zot:1    | Reached XP level 26. HP: 159/215 MP: 28/42
 67858 | Zot:2    | Identified the +6 chain mail "Isipta" {rElec} (Okawaru
                  | gifted it to you on level 2 of the Realm of Zot)
 67858 | Zot:2    | Received a gift from Okawaru
 68205 | Zot:5    | Entered Level 5 of the Realm of Zot
 68351 | Zot:5    | Noticed an orb of fire
 68355 | Zot:5    | Noticed an orb of fire
 68356 | Zot:5    | Noticed an orb of fire
 68360 | Zot:5    | Noticed an orb of fire
 68365 | Zot:5    | Gained mutation: You sometimes lose the ability to read
                  | scrolls when taking damage. [an orb of fire]
 68369 | Zot:5    | Gained mutation: You are clumsy. (Dex -2) [an orb of fire]
 68381 | Zot:5    | Gained mutation: You tend to lose your temper in combat.
                  | [an orb of fire]
 68388 | Zot:5    | Gained mutation: You are dopey. (Int -2) [an orb of fire]
 68402 | Zot:5    | Gained mutation: You are weak. (Str -2) [an orb of fire]
 68403 | Zot:5    | Noticed an orb of fire
 68412 | Zot:5    | Gained mutation: Your magical capacity is low. (-10% MP)
                  | [an orb of fire]
 68412 | Zot:5    | Gained mutation: Your magical capacity is very low. (-20%
                  | MP) [an orb of fire]
 68416 | Zot:5    | Gained mutation: Your body sometimes deteriorates upon
                  | taking damage. [an orb of fire]
 68417 | Zot:5    | Gained mutation: You occasionally shout uncontrollably at
                  | your foes. [an orb of fire]
 68417 | Zot:5    | Gained mutation: Your body often deteriorates upon taking
                  | damage. [an orb of fire]
 68418 | Zot:5    | Gained mutation: You frequently scream uncontrollably at
                  | your foes. [an orb of fire]
 68419 | Zot:5    | Gained mutation: You are frail. (-10% HP) [an orb of fire]
 68420 | Zot:5    | Gained mutation: You are very dopey. (Int -4) [an orb of
                  | fire]
 68422 | Zot:5    | Gained mutation: You are occasionally teleported next to
                  | monsters. [an orb of fire]
 68423 | Zot:5    | Noticed an orb of fire
 68424 | Zot:5    | Gained mutation: You are very frail. (-20% HP) [an orb of
                  | fire]
 68427 | Zot:5    | Gained mutation: Armour fits poorly on your strangely
                  | shaped body. [an orb of fire]
 68430 | Zot:5    | Gained mutation: You are extremely frail. (-30% HP) [an orb
                  | of fire]
 68431 | Zot:5    | HP: 1/140 [shadow dragon (8)]
 68431 | Zot:5    | Slain by a shadow dragon

Illustrated notes

Levels and vault maps discovered:
D:1:      minmay_arrival_stone_box, layout_loops_ring
D:2:      layout_basic, serial_shops, nicolae_shop_behind_doors
D:3:      layout_loops_ring, gammafunk_ghost_nasty_kobolds
D:4:      kennysheep_slugbush, layout_layer_cave,
          nicolae_dithmenos_the_darkroom, kennysheep_generic_room_6, uniq_pikel
D:5:      layout_loops_cross, serial_shops, nicolae_shop_overgrown_old_shop,
          minmay_shop_grid_forest, uniq_blork_the_orc
D:6:      layout_basic, nicolae_qazlal_style_of_elements,
          minmay_temple_entry_offerings, minmay_bent
D:7:      layout_cave_pods, minmay_statues_item
D:8:      layout_loops_ring, mainiacjoe_overflow_alcove_2
D:9:      kennysheep_ambush_hall, layout_long_grid, uniq_maggie
D:10:     kennysheep_blocky_room, layout_loops_ring,
          mainiacjoe_overflow_surrounded_room, lair_entry_dummy,
          zombieorc2_lemuel, nicolae_barding_shop
D:11:     layout_roguey
D:12:     layout_stronghold, enter_trove_3, uniq_nessos
D:13:     layout_basic, skrybe_vaults_entry_preservation, serial_shops,
          nicolae_shop_temple_entry_statues_fountains, ebering_ghost_xom,
          kennysheep_cross_room, hangedman_cracks_in_the_wall
D:14:     layout_long_grid, gammafunk_ghost_arena, minmay_hedge_maze
D:15:     grunt_enter_depths_hoard, layout_irregular_city, serial_bayou,
          serial_bayou_pond_b, serial_bayou_pond_d, serial_bayou_pond_e,
          serial_bayou_pond_d, serial_bayou_shore_a, hangedman_decor_slide_cut,
          nicolae_ru_path_of_blood
Temple:   dpeg_five_rooms_temple
Lair:1:   layout_roguey
Lair:2:   layout_regular_city, nicolae_swamp_entry_splash_gauntlet,
          minivault_23, roderic_carrion_pond
Lair:3:   layout_hall_layers, dummy_snake_entry, nicolae_quartered_pool_super
Lair:4:   layout_misc_corridors, kennysheep_snail_temple
Lair:5:   layout_regular_city, kilobyte_rumbling_trees
Lair:6:   cheibrodos_lair_end_hotspot, layout_gridlike, slime_altar_1,
          uniq_snorg
Swamp:1:  layout_falls_marsh, gammafunk_ghost_split, evilmike_swamp_ruin_wall
Swamp:2:  nicolae_swamp_wrong_neighborhood, layout_basic_swamp,
          evilmike_swamp_ruin_house_3, swamp_pool3,
          nicolae_swamp_feature_on_the_river_bank, infiniplex_staircase_pool_2,
          uniq_aizul
Swamp:3:  layout_falls_marsh, nicolae_swamp_little_swirl,
          infiniplex_staircase_pool
Swamp:4:  swamp_fiery, layout_basic_swamp, swamp_pool5
Snake:1:  layout_rooms, portal_ice_cave_entry_pillars_four,
          nicolae_snake_single_loop, serial_bayou_shore_b
Snake:2:  layout_cave_shapes, basic_altar, uniq_donald
Snake:3:  layout_cave_town, serial_shops, bzr_entry_dummy, shop, shop_statue,
          nicolae_diamond_shop, nicolae_stop_n_shop_2, uniq_saint_roka,
          uniq_asterion, uniq_mara
Snake:4:  grunt_snake_rune_pools, layout_cave_town, uniq_louise
Slime:1:  cheibrodos_slime_lost_civilization_3, layout_caves,
          cheibrodos_slime_lost_civilization_7
Slime:2:  layout_caves
Slime:3:  layout_caves, nicolae_slime_phagocytosis
Slime:4:  layout_caves, cheibrodos_slime_lost_civilization_4
Slime:5
Orc:1:    layout_caves, guppyfry_library_mini
Orc:2:    grunt_orc_community_town_hall, layout_diamond_mine,
          grunt_orc_community_big_house_2, grunt_orc_community_big_house_2,
          grunt_orc_community_house_2, grunt_orc_community_house_1,
          grunt_orc_community_house_2, grunt_orc_community_house_1,
          serial_shops, shop, uniq_urug, uniq_erolcha
Elf:1:    layout_loops_ring, basic_altar, orc_legates, minmay_the_grid_2x2
          [minmay_the_grid_large_cup, minmay_the_grid_tree,
          minmay_the_grid_tri_star, minmay_the_grid_prize_diamond_cup]
Elf:2:    elven_hall_of_blades_hangedman_original [mumra_blade_entry_bloodbath],
          layout_geoelf_grid, basic_altar, guppyfry_elf_garden,
          minmay_shop_grove
Vaults:1: v_alt_pattern_2, nicolae_vaults_asterisk, nicolae_vaults_angled_halls,
          ontoclasm_vaults_misaligned, nicolae_vaults_ring_of_whatevers,
          hangedman_vaults_pinch, nicolae_vaults_little_squares_2, v_misc_13,
          vaults_room_octagon, nicolae_vaults_stairing_the_circle,
          vaults_room_hangedman_quadrants, ontoclasm_vaults_ligature,
          nicolae_vaults_twisting_passages, hangedman_vaults_stream,
          dpeg_vaults_monster_row, vaults_dpeg_diagonal,
          ontoclasm_vaults_ring_small, layout_vaults_maze
Vaults:2: grunt_vaults_hallway_long, v_misc_28, v_pattern_5, v_misc_9,
          ontoclasm_vaults_tryst, hangedman_vaults_corner,
          nicolae_vaults_yaktaur_gun_rack, nicolae_vaults_circle_grid_a,
          ontoclasm_vaults_decontamination, vaults_room_fancy_cross,
          hangedman_vaults_maws, layout_vaults_omnibox
Vaults:3: minmay_crypt_entry_simple_sparse, hangedman_vaults_unwind,
          hangedman_vaults_maws, ontoclasm_vaults_ring_small,
          nicolae_vaults_know_your_exits, v_pattern_4,
          layout_vaults_chaotic_city
Vaults:4: hangedman_vaults_hat, v_misc_24, nicolae_vaults_little_squares_4,
          hangedman_vaults_stagger, nicolae_vaults_rhombus_7,
          nicolae_vaults_little_squares_4, ontoclasm_vaults_twist,
          nicolae_vaults_network_square, hangedman_vaults_snaps,
          nicolae_vaults_little_squares_5, layout_vaults_big_cross,
          serial_shops, shop
Vaults:5
Crypt:1:  layout_chaotic_city, mu_enter_wizlab_2, nicolae_crypt_fedhas_prevails,
          lemuel_upstairs_altar, uniq_boris
Depths:1: layout_gridlike, enter_ziggurat_a, nicolae_hepliaklqana_hazy_memory,
          hell_entry, guppyfry_shop_earth
Depths:2: minmay_polygon_palace, layout_cave_pools,
          nicolae_abyss_entry_one_way_or_another, kennysheep_minor_cross,
          rand_demon_pan_entry_5, grunt_hell_entry_dis_old,
          chequers_serial_rivers_room_a
Depths:3: due_jory_tower, layout_gridlike, abyss_entry,
          chequers_serial_rivers_room_a, pf_hell_entry_tar_river, pan_entry,
          serial_bayou_lake_a
Depths:4: minmay_triangles_in_corner, layout_long_grid, minmay_room_of_horrors,
          hangedman_coc_ice_floe
Depths:5: evilmike_zot_entry_hall, layout_cave_pools, grunt_hell_horde,
          serial_shops, nicolae_lakefront_shop, uniq_frederick
Hell
Zot:1:    layout_misc_corridors, bh_zot_ikea_curve, grunt_megastairs_4
Zot:2:    layout_onion
Zot:3:    hangedman_zot_vaults_quadrants, layout_cathedral_of_symmetry,
          skrybe_zot_glass_1
Zot:4:    layout_concentric_octagons, grunt_megastairs_3
Zot:5:    layout_basic

Skill      XL: |  1  2  3  4  5  6  7  8  9 10 11 12 13 14 15 16 17 18 19 20 21 22 23 24 25 26 |
---------------+-------------------------------------------------------------------------------+-----
Armour         | 1 2 3 4 5 6 7 9 10 11 12 13 14 15 | 15.9
Translocations | 3 4 5 6 7 9 10 12 13 14 | 14.9
Polearms       | 2 3 5 6 8 9 10 11 12 13 14 15 16 17 18 19 | 19.5
Fighting       | 3 4 5 6 7 8 9 10 11 12 14 15 16 17 18 19 | 19.5
Dodging        | 2 3 4 5 6 7 8 9 10 11 | 11.7
Shields        | 2 4 5 8 9 11 12 13 14 15 16 17 18 19 | 19.5
Invocations    | 4 5 7 8 9 10 | 10.4
Stealth        | 1 2 3 |  3.0
Spellcasting   | 3 5 6 7 9 11 12 13 14 15 | 15.6
Air Magic      | 3 5 |  5.0
Throwing       | |  0.8
Evocations     | |  0.2

Action                   |  1- 3 |  4- 6 |  7- 9 | 10-12 | 13-15 | 16-18 | 19-21 | 22-24 | 25-27 || total
-------------------------+-------+-------+-------+-------+-------+-------+-------+-------+-------++-------
Melee: Spear             |   118 |   222 |   358 |  1226 |  1284 |       |       |       |       ||  3208
       Demon trident     |       |       |       |       |   409 |  2267 |  2565 |  2998 |  1253 ||  9492
Throw: Boomerang         |     1 |       |       |       |       |       |     2 |       |       ||     3
 Cast: Blink             |       |       |       |       |       |       |     5 |     2 |     2 ||     9
       Manifold Assault  |       |       |       |       |       |       |   228 |   655 |   277 ||  1160
       Swiftness         |       |       |       |       |       |       |       |     1 |     1 ||     2
Invok: Heroism           |       |       |       |    14 |    37 |    58 |    34 |    47 |    13 ||   203
       Finesse           |       |       |       |     3 |    18 |    13 |     9 |     4 |     1 ||    48
Evoke: Lightning rod     |       |       |       |       |       |       |     1 |       |       ||     1
       Phantom mirror    |       |       |       |       |       |       |     1 |       |       ||     1
  Use: Scroll            |       |     6 |     7 |     3 |    14 |     5 |    10 |     4 |     2 ||    51
       Potion            |       |     3 |       |     5 |     7 |     8 |     5 |     2 |    21 ||    51
 Stab: Distracted        |       |       |       |       |     3 |     6 |     4 |     3 |     2 ||    18
       Petrified         |       |       |       |       |     1 |     2 |       |       |       ||     3
       Invisible         |       |       |       |       |     5 |       |       |       |       ||     5
       Sleeping          |       |       |       |       |       |     2 |     5 |    20 |     5 ||    32
Armor: Plate armour      |    61 |   130 |   156 |   151 |       |       |       |       |       ||   498
       Skin              |       |    31 |     4 |    55 |       |       |       |       |       ||    90
       Chain mail        |       |       |       |    93 |   396 |   300 |       |       |       ||   789
       Swamp dragon scal |       |       |       |       |       |   157 |   223 |       |       ||   380
       Troll leather arm |       |       |       |       |       |       |   101 |    22 |       ||   123
       Quicksilver drago |       |       |       |       |       |       |       |   387 |   224 ||   611
Dodge: Dodged            |    13 |    31 |    39 |   172 |   363 |   549 |   643 |   516 |   284 ||  2610
Block: Kite shield       |       |    21 |   126 |   464 |   661 |  1006 |  1065 |   863 |   442 ||  4648
